 Dungeon Crawl Stone Soup version 0.28-a0-535-g6f645e4c1d (webtiles) character file.

Game seed: 8798656349176193542

902 Demosthentine the Poker (level 8, 0/62 HPs)
             Began as a Merfolk Gladiator on Sept 27, 2021.
             Shot with an arrow by a centaur (3 damage)
             ... on level 6 of the Dungeon.
             The game lasted 00:04:29 (6151 turns).

Demosthentine the Poker (Merfolk Gladiator)         Turns: 6151, Time: 00:04:30

Health: 0/62       AC:  6    Str: 18    XL:     8   Next: 7%
Magic:  8/8        EV: 15    Int:  7    God:
Gold:   259        SH:  0    Dex: 16    Spells: 7/7 levels left

rFire   + . .      SeeInvis .   a - +1 trident
rCold   + . .      Faith    .   (no shield)
rNeg    + . .      Spirit   .   b - +0 leather armour
rPois   .          Reflect  .   c - +1 helmet
rElec   .          Harm     .   f - +0 cloak
rCorr   .          Rampage  .   (no gloves)
Will    .....                   (no boots)
Stlth   +.........              (no amulet)
HPRegen 0.20/turn               e - +6 ring of strength
MPRegen 0.11/turn               u - ring of the Real Monster {Wiz rF+ rC+ rN+ Str-4}

@: no status effects
A: (nimble swimmer 2), mertail
a: no special abilities


You were on level 6 of the Dungeon.
You visited 1 branch of the dungeon, and saw 6 of its levels.

You collected 259 gold pieces.

Inventory:

Hand Weapons
 a - a +1 trident (weapon)
Missiles
 d - 2 throwing nets (quivered)
Armour
 b - a +0 leather armour (worn)
 c - a +1 helmet (worn)
 f - a +0 cloak (worn)
Jewellery
 e - a +6 ring of strength (left hand)
 u - the ring of the Real Monster (right hand) {Wiz rF+ rC+ rN+ Str-4}
   (You acquired it on level 5 of the Dungeon)

   [ring of wizardry]

   It improves your spell success rate.
   Str:       It affects your strength (-4).
   rF:        It protects you from fire.
   rC:        It protects you from cold.
   rN:        It protects you from negative energy.
Wands
 n - a wand of mindburst (2)
Scrolls
 g - 4 scrolls of enchant weapon
 j - 2 scrolls of amnesia
 k - 2 scrolls of magic mapping
 l - a scroll of vulnerability {unknown}
 q - a scroll of noise {unknown}
 r - a scroll of teleportation
Potions
 h - a potion of brilliance
 i - 2 potions of flight
 m - a potion of invisibility
 o - a potion of heal wounds
 p - a potion of lignification
 s - a potion of attraction {unknown}
 t - a potion of cancellation {unknown}
 v - a potion of degeneration {unknown}


   Skills:
 + Level 5.3 Fighting
 + Level 7.8 Polearms
 - Level 2.0 Throwing
 + Level 3.1 Armour
 + Level 7.0 Dodging


You had 7 spell levels left.
You didn't know any spells.
Your spell library contained the following spells:

 Spells                   Type           Power      Damage    Failure   Level
 Foxfire                  Conj/Fire      0%         2x1d4     22%         1
 Static Discharge         Conj/Air       0%         N/A       32%         2
 Conjure Flame            Conj/Fire      0%         6-21      52%         3
 Inner Flame              Hex/Fire       0%         N/A       52%         3
 Flame Wave               Conj/Fire      0%         3d3       89%         4
 Lightning Bolt           Conj/Air       0%         1d11      99%         5
 Maxwell's Capacitive Co  Air            0%         ∞         100%        8


Dungeon Overview and Level Annotations

Branches:
Dungeon (6/15)
 Temple: D:4-7

Altars:
Gozag
Hepliaklqana
Nemelex Xobeh
Ru
Trog

Portals:
Abyss: D:3

Annotations:
D:3 1 transporter, Shayle's ghost, amateur DjWr


Innate Abilities, Weirdness & Mutations

((You are quick and stealthy near water. (Stealth+, EV+, Speed+++)))
Your lower body shifts to a powerful aquatic tail in water.


Message History

There are monsters nearby!
You barely miss the komodo dragon. The komodo dragon misses you.
The centaur shoots an arrow.
The arrow completely misses you.
You hit the komodo dragon.
The komodo dragon is lightly wounded.
The centaur shoots an arrow.
The arrow hits you! The arrow burns you. The komodo dragon bites you!!
Unknown command.
Unknown command.
Unknown command.
Unknown command.
The centaur shoots an arrow.
The arrow hits you! The arrow burns you.
The centaur shoots an arrow.
The arrow closely misses you.
You see here 21 bolts.
Unknown command.
The centaur shoots an arrow.
The arrow closely misses you.
Things that are here:
a +0 shortbow; 13 arrows; a centaur corpse Unknown command.
Unknown command.
Unknown command.
The centaur shoots an arrow.
The arrow hits you. The arrow burns you.
* * * LOW HITPOINT WARNING * * *
Unknown command.
Unknown command.
Unknown command.
The centaur unwields a +0 shortbow of flaming.
It stops flaming.
The centaur misses you. The centaur closely misses you.
Unknown command.
The centaur wields a +0 shortbow of flaming.
It bursts into flame!
The centaur shoots an arrow.
The arrow barely misses you.
Unknown command.
The centaur shoots an arrow.
The arrow hits you.
* * * LOW HITPOINT WARNING * * *
The arrow burns you.
* * * LOW HITPOINT WARNING * * *
The centaur shoots an arrow.
The arrow hits you!
* * * LOW HITPOINT WARNING * * *
The arrow burns you.
You die...

.......(.............#
.........)...........#
.....................#
.....................#
............####.....#
.#####......# #.c...#
. #......# #l....# .
#......# #.....# .
#......# #@....#
#......# #.....#
#.....# #.....#
#.....# #.....#
#.....# #.....#
#.....#


You could see a komodo dragon and a centaur.

Vanquished Creatures
  A necrophage (D:5)
  A centaur (D:6)
  A wyvern zombie (D:5)
  A scorpion (D:5)
  3 wights
  A hound (D:4)
  2 bullfrog skeletons (D:5)
  A gnoll shaman (D:3)
  An orc priest (D:4)
  A centaur skeleton (D:4)
  Jessica (D:2)
  Ijyb (D:3)
  A hound zombie (D:5)
  Robin (D:2)
  3 gnolls (D:4)
  10 adders
  3 worms
  4 dart slugs
  10 orcs
  18 bats
  8 endoplasms
  4 giant cockroaches
  8 hobgoblins
  3 quokkas
  5 ball pythons
  2 frilled lizards
  12 goblins
  6 kobolds
  9 rats
122 creatures vanquished.

Notes
Turn   | Place    | Note
-------+----------+-------------------------------------------
     0 | D:1      | Demosthentine the Merfolk Gladiator began the quest for the
                  | Orb.
     0 | D:1      | Reached XP level 1. HP: 16/16 MP: 1/1
   197 | D:1      | Reached XP level 2. HP: 23/23 MP: 2/2
   720 | D:2      | Reached XP level 3. HP: 28/28 MP: 3/3
   759 | D:2      | Reached skill level 5 in Polearms
  1024 | D:2      | Reached skill level 1 in Armour
  1031 | D:2      | Noticed Jessica
  1037 | D:2      | Killed Jessica
  1038 | D:2      | Reached XP level 4. HP: 18/35 MP: 4/4
  1555 | D:2      | Noticed Robin
  1612 | D:2      | Killed Robin
  1613 | D:2      | Reached skill level 5 in Dodging
  1613 | D:2      | Reached XP level 5. HP: 26/41 MP: 5/5
  2079 | D:3      | Found a transporter.
  2087 | D:3      | Noticed a small abomination
  2522 | D:3      | Noticed Ijyb
  2531 | D:3      | Killed Ijyb
  2917 | D:3      | Found a one-way gate to the infinite horrors of the Abyss.
  2917 | D:3      | Noticed a small abomination
  2917 | D:3      | Noticed Shayle's ghost (amateur DjWr)
  3412 | D:3      | Reached XP level 6. HP: 25/48 MP: 6/6
  3661 | D:4      | Found a sparkling altar of Nemelex Xobeh.
  3661 | D:4      | Found an opulent altar of Gozag.
  3661 | D:4      | Found a hazy altar of Hepliaklqana.
  3662 | D:4      | Found a sacrificial altar of Ru.
  3663 | D:4      | Found a bloodstained altar of Trog.
  4445 | D:4      | Reached XP level 7. HP: 52/55 MP: 7/7
  4888 | D:5      | Entered Level 5 of the Dungeon
  5398 | D:5      | Reached skill level 5 in Fighting
  5879 | D:5      | Identified a scroll of acquirement
  5879 | D:5      | Acquired the ring of the Real Monster {Wiz rF+ rC+ rN+
                  | Str-4}
  5987 | D:6      | Reached XP level 8. HP: 36/62 MP: 8/8
  6128 | D:6      | Noticed a komodo dragon
  6151 | D:6      | HP: 3/62 [centaur/arrow (11)]
  6151 | D:6      | Shot with an arrow by a centaur

Illustrated notes

Levels and vault maps discovered:
D:1:      amcnicky_arrival_flooded_fountain, layout_loops_cross,
          chequers_serial_rivers_small_3, minmay_pentomino_q2
D:2:      layout_rooms, serial_glass, glass_columns_b, glass_columns_c,
          uniq_robin, uniq_jessica
D:3:      layout_basic, gammafunk_ghost_abyssal_escape, corner_web_ring,
          hex_intersection, eino_tiny_chamber, roderic_batcave, uniq_ijyb
D:4:      layout_gridville, grunt_temple_overflow_open
D:5:      layout_basic
D:6:      layout_gridville, minmay_temple_entry_junction

Skill      XL: |  1  2  3  4  5  6  7 |
---------------+----------------------+-----
Polearms       | 5 6 7 |  7.8
Armour         | 1 2 3 |  3.1
Fighting       | 3 4 5 |  5.3
Dodging        | 5 6 7 |  7.0
Throwing       | |  2.0

Action                   |  1- 3 |  4- 6 |  7- 9 || total
-------------------------+-------+-------+-------++-------
Melee: Trident           |    94 |   236 |   101 ||   431
Throw: Throwing net      |       |     1 |       ||     1
  Use: Scroll            |     4 |     6 |     4 ||    14
       Potion            |       |     1 |       ||     1
 Stab: Sleeping          |       |     3 |       ||     3
       Held in net/web   |       |     1 |       ||     1
Armor: Leather armour    |    23 |    49 |    19 ||    91
Dodge: Dodged            |    45 |   126 |    98 ||   269

Table legend: (Time is in decaauts)
 A = Elapsed time spent in this place.
 B = Non-inter-level travel time spent in this place.
 C = Inter-level travel time spent in this place.
 D = Time resting spent in this place.
 E = Time spent auto-exploring this place.
 F = Levels seen in this place.
 G = Mean time per level.
                   A        B        C        D        E       F      G
               +--------+--------+--------+--------+--------+-----+--------+
         Total |   6147 |   5990 |    157 |    436 |   4686 |   6 | 1024.5 |
       Dungeon |   6147 |   5990 |    157 |    436 |   4686 |   6 | 1024.5 |
               +--------+--------+--------+--------+--------+-----+--------+

Top non-repeatable levels by time:
     D:3: 1942 daAuts
     D:2: 1211 daAuts
     D:5: 1044 daAuts
     D:4: 1029 daAuts
     D:1: 707 daAuts
     D:6: 212 daAuts
